 Seeded DCSS version 0.30-b1-5-g8e6c1be481 (webtiles) character file.

Game seed: 6655897841177275560 (custom seed)

14 Hubris850 the Insei (level 2, 0/21 HPs)
             Began as a Merfolk Transmuter on May 3, 2023.
             Slain by a kobold
             ... wielding a +0 whip
              (3 damage)
             ... on level 1 of the Dungeon.
             The game lasted 00:01:36 (395 turns).

Hubris850 the Insei (Merfolk Transmuter)             Turns: 395, Time: 00:01:37

Health: 0/21       AC:  2    Str: 10    XL:     2   Next: 45%
Magic:  5/5        EV: 12    Int: 12    God:
Gold:   34         SH:  3    Dex: 14    Spells: 4/5 levels left

rFire   . .          .
                       - Unarmed
rCold   . . .        e - +0 buckler
rNeg    . . .        a - +0 robe
rPois   .            (no helmet)
rElec   .            (no cloak)
rCorr   .            (no gloves)
SInv    .            (no boots)
Will    .....        (no amulet)
Stlth   +            (no ring)
HPRegen 0.23/turn    (no ring)
MPRegen 0.09/turn

%: no passive effects
@: no status effects
A: (nimble swimmer 2), mertail
a: no special abilities


You were on level 1 of the Dungeon.
You visited 1 branch of the dungeon, and saw 1 of its levels.

You collected 34 gold pieces.

Inventory:

Armour
 a - a +0 robe (worn)
 e - a +0 buckler (worn)
Scrolls
 c - 2 scrolls of identify {unknown}
 d - a scroll of noise {unknown}
Potions
 b - a potion of lignification
 f - a potion of flight {unknown}


   Skills:
 - Level 1.1 Fighting
 + Level 3.0 Dodging
 + Level 0.1 Shields
 - Level 4.0 Unarmed Combat
 - Level 2.0 Spellcasting
 - Level 2.6 Transmutations


You had 4 spell levels left.
You knew the following spells:

 Your Spells              Type           Power      Damage    Failure   Level
a - Beastly Appendage     Tmut           14%        N/A       14%         1

Your spell library contained the following spells:

 Spells                   Type           Power      Damage    Failure   Level
 Wereblood                Tmut           7%         N/A       21%         2
 Blink                    Tloc           2%         N/A       52%         2
 Lesser Beckoning         Tloc           2%         N/A       52%         2
 Momentum Strike          Conj/Tloc      2%         3d8       52%         2
 Spider Form              Tmut/Pois      4%         N/A       56%         3
 Ice Form                 Ice/Tmut       4%         N/A       93%         4


Dungeon Overview and Level Annotations

Branches:
Dungeon (1/15)

Altars:

Annotations:
D:1 exclusion: dart slug


Innate Abilities, Weirdness & Mutations

((You are very nimble when in or above water. (Stealth+, EV+, Speed+++)))
Your lower body shifts to a powerful aquatic tail in water.


Message History

The kobold barely misses you. The ball python bites you.
The ball python constricts you.
The ball python bites you but does no damage.
You escape the ball python's grasp.
The ball python attacks as you move away!
The ball python bites you but does no damage.
The ball python barely misses you. The kobold attacks as you move away!
The kobold barely misses you.
The ball python bites you but does no damage.
The ball python barely misses you.
The kobold throws a stone.
The stone barely misses you.
The ball python attacks as you move away!
The ball python bites you. The ball python bites you.
* * * LOW HITPOINT WARNING * * *
The ball python closely misses you.
The ball python attacks as you move away!
The ball python barely misses you. The ball python completely misses you.
You hit the ball python.
You kill the ball python!
You hit the ball python but do no damage.
The ball python bites you.
* * * LOW HITPOINT WARNING * * *
The ball python grabs you. The ball python constricts you.
You closely miss the ball python. The ball python bites you.
* * * LOW HITPOINT WARNING * * *
The ball python constricts you.
* * * LOW HITPOINT WARNING * * *
You closely miss the ball python. The ball python bites you.
* * * LOW HITPOINT WARNING * * *
The ball python constricts you.
You punch the ball python!
You kill the ball python!
Training target 4.0 for Unarmed Combat reached!
Your Unarmed Combat skill increases to level 4!
You miss the kobold. The kobold barely misses you.
You hit the kobold.
The kobold is moderately wounded.
The kobold hits you with a +0 whip.
You die...

..##8###8##...................
.........................†....
..............................
..............................
..##8###8##K..................
########................###
#..............>#.#######
####.....####.#.#.# #######
####..K@.#.#.#.# #......
#..##.#.#.#.# #...... #..#
.#.#.#.# #...... #...
.#.#.#.###......
..##....#.#...'...... ...#
#...#)#####...... ....
##.#.#####.##### .....
#.#....##......
#.#.##.##...###


You could see a kobold.

Vanquished Creatures
  A dart slug (D:1)
  A goblin (D:1)
  2 hobgoblins (D:1)
  2 quokkas (D:1)
  3 ball pythons (D:1)
  A frilled lizard (D:1)
  2 rats (D:1)
12 creatures vanquished.

Notes
Turn   | Place    | Note
-------+----------+-------------------------------------------
     0 | D:1      | Hubris850 the Merfolk Transmuter began the quest for the
                  | Orb.
     0 | D:1      | Reached XP level 1. HP: 15/15 MP: 3/3
    97 | D:1      | Reached XP level 2. HP: 9/21 MP: 5/5
   394 | D:1      | Reached skill level 4 in Unarmed Combat
   395 | D:1      | Slain by a kobold

Illustrated notes

Levels and vault maps discovered:
D:1:      minmay_arrival_cross, layout_basic, hellmonk_ecumenical_altar_zigzags,
          serial_shops, nicolae_shop_rolled_up, serial_corexii_hall,
          corexii_hall_statues_deadend, corexii_hall_statues_t

Skill      XL: |  1  2 |
---------------+-------+-----
Dodging        | 3 |  3.0
Unarmed Combat | 4 |  4.0
Fighting       | |  1.1
Shields        | |  0.1
Spellcasting   | |  2.0
Transmutations | |  2.6

Action                     || total
---------------------------++-------
  Melee: Unarmed           ||    52
 Armour: Robe              ||     7
  Dodge: Dodged            ||    36
  Block: Buckler           ||     4
